AoeStats
← Rich

Arena

504155006Analyzed
1v1 RM · 29d ago on Sep 4, 2026· 35m 50s· 2 players
Game mode
Random Map
Map size
Tiny (2 player)
Population
200
Speed
Normal
Resources
Standard
Victory
Conquest
Starting age
Dark Age
Ending age
Imperial Age
RankedLock teamsTeams togetherTeam positionsShared explorationLock speedFull tech treeHidden civsTurbo modeCheats
Victory
Defeat
🇺🇸 Magyars · United States
991
+18
🇩🇪 Britons · Germany
1025
-18
Rich
6:35 Loom
9:07 Feudal Age
14:05 Double-Bit Axe
16:43 Scale Barding Armor
19:18 Horse Collar
24:02 Castle Age
22:54 Bloodlines
24:07 Light Cavalry
25:10 Chain Barding Armor
25:50 Husbandry
26:32 Wheelbarrow
25:59 Heavy Plow
26:13 Bow Saw
29:29 Hand Cart
33:31 Imperial Age
33:29 Fletching
33:36 Gold Mining
36:13 Murder Holes
fleurs-de-lis
11:58 Feudal Age
12:22 Loom
17:28 Castle Age
17:42 Horse Collar
19:08 Double-Bit Axe
24:33 Bow Saw
26:14 Heavy Plow
33:00 Imperial Age
31:17 Fletching
32:30 Pikeman
33:13 Elite Longbowman
34:09 Bodkin Arrow
Connection lost

Rejoining the realm…

Still unreachable

The connection could not be restored.

Session expired

The server has moved on; the page needs a fresh start.